 Dungeon Crawl Stone Soup version 0.29.1-15-g9cfb28693d (webtiles) character file.

Game seed: 15561559374732812212

42 Peloso the Covered (level 3, 29/29 HPs)
             Began as a Minotaur Fighter on Apr 29, 2023.
             Got out of the dungeon alive.
             The game lasted 00:02:50 (1573 turns).

Peloso the Covered (Minotaur Fighter)               Turns: 1573, Time: 00:02:50

Health: 29/29      AC:  9    Str: 18 (20) XL:     3   Next: 33%
Magic:  2/2        EV:  9    Int:  4 (5)  God:
Gold:   81         SH:  4    Dex:  8 (11) Spells: 2/2 levels left

rFire   . . .      SeeInvis .   a - +0 long sword
rCold   . . .      Faith    .   c - +0 buckler
rNeg    . . .      Spirit   .   b - +0 scale mail
rPois   .          Reflect  .   (helmet restricted)
rElec   .          Harm     .   (no cloak)
rCorr   .          Rampage  .   (no gloves)
Will    .....                   (no boots)
Stlth   ..........              e - amulet of the acrobat
HPRegen 0.09/turn               (no ring)
MPRegen 0.08/turn               (no ring)

@: no status effects
A: horns 2, retaliatory headbutt, talons 1, iridescent scales 1, frail 1
a: no special abilities


You escaped.
You visited 1 branch of the dungeon, and saw 2 of its levels.

You collected 81 gold pieces.

Inventory:

Hand Weapons
 a - a +0 long sword (weapon)
Armour
 b - a +0 scale mail (worn)
 c - a +0 buckler (worn)
Jewellery
 e - an amulet of the acrobat (around neck)
 k - a ring of ice
Scrolls
 f - a scroll of magic mapping
 j - a scroll of butterflies
 l - a scroll of noise
Potions
 d - a potion of might
 h - a potion of brilliance {unknown}
 i - a potion of heal wounds {unknown}


   Skills:
 + Level 4.0 Fighting
 + Level 2.6 Long Blades
 + Level 4.6 Armour
 + Level 0.2 Dodging
 + Level 4.0 Shields


You had 2 spell levels left.
You didn't know any spells.
Your spell library contained the following spells:

 Spells                   Type           Power      Damage    Failure   Level
 Sandblast                Erth           0%         2d4       92%         1
 Passwall                 Tmut/Erth      0%         N/A       98%         2
 Stone Arrow              Conj/Erth      0%         3d7       100%        3
 Olgreb's Toxic Radiance  Pois           0%         N/A       100%        4
 Ozocubu's Refrigeration  Ice            0%         4d7       100%        7
 Ignition                 Fire           0%         3d3       100%        8


Dungeon Overview and Level Annotations

Branches:
Dungeon (2/15)

Altars:


Innate Abilities, Weirdness & Mutations

You have a pair of horns on your head.
You reflexively headbutt those who attack you in melee.
You have sharp toenails.
You are partially covered in iridescent scales. (AC +2)
You are frail. (-10% HP)


Message History

You kill the adder!
You see here an adder corpse.
You see here an adder corpse.
There is a stone staircase leading up here.
You see here a +0 club.
You see here a +0 mace.
Done exploring.
Done exploring.
Done exploring.
It was a potion of mutation.
You feel extremely strange.
Your toenails lengthen and sharpen.
You feel frail.
Iridescent scales grow over part of your body.
(D) Dungeon
Where to? (? - help)
What level of the Dungeon? (default 1, ? - help)
You see here an adder corpse.
There is a stone staircase leading up here.
You climb upwards.
There is a stone staircase leading down here.
There is a dry fountain here.
There is an abandoned shop here.
You see here a +0 hand axe.
The demonspawn shouts!
The felid hisses angrily.
There is an open door here.
The felid hisses angrily.
The palentonga shouts!
The merfolk shouts!
The orc shouts!
The felid hisses angrily.
The vine stalker shouts!
The naga shouts!
The formicid shouts!
The demigod shouts!
The meteoran shouts!
The elf shouts!
You see here 2 stones.
The minotaur bellows!
The draconian roars!
The octopode shouts!
There is an open door here.
There is a staircase leading out of the dungeon here.
Are you sure you want to leave the Dungeon?
This will make you lose the game!
You have escaped!

#..# ##.## #..#
#.# #..# #.#
#..####.#
#.......#
###############
####d#H#M#p#p#B#T#
#..###############
#@.'.....(........
#..###############
####x#n#e#p#O#K#9#
###############
#...........
#...#####...
##..######..
#.......(..
##.########


There were no monsters in sight!

Vanquished Creatures
  An adder (D:2)
  A dart slug (D:1)
  A ball python (D:1)
  5 bats
  2 endoplasms (D:1)
  A giant cockroach (D:2)
  2 goblins
  2 hobgoblins (D:1)
  4 quokkas
  2 frilled lizards (D:1)
  4 kobolds (D:1)
  6 rats
31 creatures vanquished.

Notes
Turn   | Place    | Note
-------+----------+-------------------------------------------
     0 | D:1      | Peloso the Minotaur Fighter began the quest for the Orb.
     0 | D:1      | Reached XP level 1. HP: 19/19 MP: 0/0
     2 | D:1      | Noticed a draconian
     2 | D:1      | Noticed an octopode
     4 | D:1      | Noticed a minotaur
     4 | D:1      | Noticed a ghoul
     6 | D:1      | Noticed an elf
     8 | D:1      | Noticed a human
     8 | D:1      | Noticed a meteoran
    10 | D:1      | Noticed a demigod
    10 | D:1      | Noticed an ogre
    12 | D:1      | Noticed a formicid
    14 | D:1      | Noticed a troll
    14 | D:1      | Noticed a gargoyle
    16 | D:1      | Noticed a naga
    16 | D:1      | Noticed a spriggan
    18 | D:1      | Noticed a vine stalker
    18 | D:1      | Noticed a demonspawn
    20 | D:1      | Noticed a felid
    22 | D:1      | Noticed a palentonga
    22 | D:1      | Noticed a merfolk
    24 | D:1      | Noticed a vampire
    24 | D:1      | Noticed a felid
    26 | D:1      | Noticed a demonspawn
    26 | D:1      | Noticed a felid
   232 | D:1      | Found a faded altar of an unknown god.
   244 | D:1      | Reached XP level 2. HP: 27/27 MP: 1/1
  1064 | D:2      | Reached XP level 3. HP: 33/33 MP: 2/2
  1478 | D:2      | Gained mutation: You have sharp toenails. [potion of
                  | mutation]
  1478 | D:2      | Gained mutation: You are frail. (-10% HP) [potion of
                  | mutation]
  1478 | D:2      | Gained mutation: You are partially covered in iridescent
                  | scales. (AC +2) [potion of mutation]
  1573 | D:$      | Got out of the dungeon alive.

Illustrated notes

Levels and vault maps discovered:
D:1:      kb_arrival_jail, layout_loops_ring, ebering_ecumenical_altar_abandoned
D:2:      layout_loops_ring

Skill      XL: |  1  2  3 |
---------------+----------+-----
Armour         | 4 |  4.6
Fighting       | 4 |  4.0
Shields        | 4 |  4.0
Long Blades    | |  2.6
Dodging        | |  0.2

Action                   || total
-------------------------++-------
Melee: Long sword        ||    75
       Headbutt          ||     7
  Use: Scroll            ||     4
       Potion            ||     3
Armor: Scale mail        ||    42
Dodge: Dodged            ||    37
Block: Buckler           ||     8
